 Dungeon Crawl Stone Soup version 0.27-a0-633-gc6addc0a40 (webtiles) character file.

Game seed: 15700863158961840210

130 BlueFish the Skirmisher (level 5, -4/42 HPs)
             Began as a Formicid Abyssal Knight on Mar 13, 2021.
             Was a Believer of Lugonu.
             Slain by a black bear (5 damage)
             ... on level 3 of the Dungeon.
             The game lasted 00:07:04 (3013 turns).

BlueFish the Skirmisher (Formicid Abyssal Knight)   Turns: 3013, Time: 00:07:05

Health: -4/42      AC:  9    Str: 17    XL:     5   Next: 36%
Magic:  5/6        EV:  9    Int: 12    God:    Lugonu [**....]
Gold:   97         SH:  3    Dex: 10    Spells: 4/4 levels left

rFire    . . .     SeeInvis +   a - +1 mace
rCold    . . .     Faith    .   s - +0 buckler
rNeg     + . .     Spirit   .   f - +0 scale mail
rPois    .         Reflect  .   (helmet unavailable)
rElec    .         Harm     .   (no cloak)
rCorr    .         Rampage  .   (no gloves)
Will     .....                  u - +1 pair of boots
Stlth    ..........             (no amulet)
HPRegen  0.14/turn              c - ring of positive energy
MPRegen  0.10/turn              (no ring)

@: no status effects
A: permanent stasis, dig shafts and tunnels, antennae 3, four strong arms
a: Dig, Shaft Self, Renounce Religion, Depart the Abyss, Bend Space


You were on level 3 of the Dungeon.
You worshipped Lugonu.
Lugonu was pleased with you.
You visited 1 branch of the dungeon, and saw 3 of its levels.
You visited the Abyss 1 time.

You collected 97 gold pieces.

Inventory:

Hand Weapons
 a - a +1 mace (weapon)
Missiles
 b - 12 poisoned darts
 e - 57 stones
Armour
 f - a +0 scale mail (worn)
 s - a +0 buckler (worn)
 u - a +1 pair of boots (worn)
Jewellery
 c - a ring of positive energy (right hand)
Scrolls
 m - 2 scrolls of enchant armour {unknown}
 o - a scroll of identify {unknown}
 p - 2 scrolls of enchant weapon {unknown}
 t - a scroll of blinking {unknown}
Potions
 d - a potion of might {unknown}
 g - a potion of heal wounds {unknown}
 i - 2 potions of curing {unknown}
 j - 2 potions of cancellation {unknown}
 l - a potion of lignification {unknown}
 n - a potion of haste {unknown}
 q - a potion of brilliance {unknown}
 r - a potion of resistance {unknown}


   Skills:
 * Level 4.1 Fighting
 * Level 3.1 Maces & Flails
 * Level 3.3 Armour
 * Level 1.4 Dodging
 * Level 1.7 Stealth
 * Level 2.6 Invocations


You had 4 spell levels left.
You didn't know any spells.
Your spell library was empty.

Dungeon Overview and Level Annotations

Branches:
Dungeon (3/15)

Altars:
Nemelex Xobeh


Innate Abilities, Weirdness & Mutations

You cannot be hasted, slowed, berserked, paralysed or teleported.
You can dig through walls and to a lower floor.
You have a pair of large antennae on your head. (SInv)
Your four strong arms can wield two-handed weapons with a shield.


Message History

The goblin hits you but does no damage.
You sock the black bear!
The black bear is severely wounded.
The black bear bites you but does no damage.
The black bear claws you but does no damage. x2
The goblin hits you but does no damage. The black bear bites you.
You block the black bear's attack. The black bear barely misses you.
Your scale mail prevents you from hitting the black bear.
The black bear is severely wounded.
The goblin barely misses you.
The black bear goes berserk!
The goblin misses you.
You completely miss the black bear.
The black bear is severely wounded.
You block the black bear's attack.
The black bear claws you but does no damage. x2
The black bear bites you but does no damage.
The black bear claws you. The black bear completely misses you.
You block the goblin's attack.
Your scale mail prevents you from hitting the black bear.
The black bear is severely wounded.
The black bear barely misses you.
The black bear claws you but does no damage.
The black bear barely misses you. The goblin hits you but does no damage.
The black bear bites you!
* * * LOW HITPOINT WARNING * * *
The black bear claws you.
* * * LOW HITPOINT WARNING * * *
The black bear claws you.
* * * LOW HITPOINT WARNING * * *
Space bends around you!
You blink.
Okay, then.
As you read the scroll labelled TOGHITT JOZXA, it crumbles to dust.
The scroll dissolves into smoke.
It was a scroll of fog.
The black bear rages.
You don't have enough health at the moment.
You aren't carrying any items that you can evoke.
Okay, then.
The black bear bites you but does no damage.
The black bear claws you.
You die...

########## #########
..........# #§......#
..........# ####@§.....#
..........###§§h§§.....#
..........[.g§§§§§.....#
..........†#.§##.§.....#
.........#..###########
###.....#§## ####....†.#
..#....###.###########
......## #...........#


You could see a black bear (berserk).

Vanquished Creatures
  4 adders (D:2)
  3 gnolls
  2 worms
  A dart slug (D:3)
  A leopard gecko (D:3)
  A giant cockroach (D:3)
  7 goblins
  6 hobgoblins
  7 jackals
  10 kobolds
  10 bats
  A frilled lizard (D:3)
  9 rats
62 creatures vanquished.

Notes
Turn   | Place    | Note
-------+----------+-------------------------------------------
     0 | Abyss:1  | BlueFish the Formicid Abyssal Knight began the quest for
                  | the Orb.
     0 | Abyss:1  | Reached XP level 1. HP: 18/18 MP: 2/2
   101 | D:1      | Escaped the Abyss
   239 | D:1      | Reached XP level 2. HP: 23/24 MP: 3/3
   709 | D:1      | Found a sparkling altar of Nemelex Xobeh.
   731 | D:1      | Reached skill level 1 in Dodging
  1086 | D:1      | Reached XP level 3. HP: 27/30 MP: 4/4
  1326 | D:2      | Reached skill level 1 in Stealth
  1342 | D:1      | Reached ** piety under Lugonu
  1943 | D:2      | Reached XP level 4. HP: 35/37 MP: 5/5
  2258 | D:2      | Reached skill level 4 in Fighting
  2460 | D:3      | Noticed a black bear
  2614 | D:2      | Reached XP level 5. HP: 37/42 MP: 6/6
  3013 | D:3      | Slain by a black bear

Illustrated notes

Levels and vault maps discovered:
D:1:      arrival_zaba_pyramid, layout_loops_corners,
          nemelex_xobeh_ov_fountains_minmay
D:2:      layout_loops_ring
D:3:      layout_rooms, gammafunk_temple_overflow_statue

Skill      XL: |  1  2  3  4 |
---------------+-------------+-----
Dodging        | 1 |  1.4
Stealth        | 1 |  1.7
Armour         | 3 |  3.3
Fighting       | 4 |  4.1
Maces & Flails | 3 |  3.1
Invocations    | |  2.6

Action                   |  1- 3 |  4- 6 || total
-------------------------+-------+-------++-------
Melee: Mace              |    86 |   111 ||   197
Invok: Bend Space        |       |     4 ||     4
  Use: Scroll            |     2 |     1 ||     3
Armor: Ring mail         |     8 |       ||     8
       Scale mail        |    36 |    94 ||   130
Dodge: Dodged            |    50 |    96 ||   146
Block: Buckler           |       |    13 ||    13

Table legend: (Time is in decaauts)
 A = Elapsed time spent in this place.
 B = Non-inter-level travel time spent in this place.
 C = Inter-level travel time spent in this place.
 D = Time resting spent in this place.
 E = Time spent auto-exploring this place.
 F = Levels seen in this place.
 G = Mean time per level.
                   A        B        C        D        E       F      G
               +--------+--------+--------+--------+--------+-----+--------+
         Total |   3072 |   2938 |    134 |      0 |   2174 |   4 |  768.0 |
       Dungeon |   2971 |   2837 |    134 |      0 |   2164 |   3 |  990.3 |
         Abyss |    101 |    101 |      0 |      0 |     10 |   1 |  101.0 |
               +--------+--------+--------+--------+--------+-----+--------+

Top non-repeatable levels by time:
     D:1: 1572 daAuts
     D:2: 1078 daAuts
     D:3: 321 daAuts
 Abyss:1: 101 daAuts
